[Event "Titled Tuesday Blitz May 4 2021"]
[White "Timmermans, Mark"]
[Black "Avila Pavas, Santiago"]
[WhiteFideId "1026399"]
[BlackFideId "4437128"]
[WhiteElo "2782"]
[BlackElo "2632"]
[Result "1-0"]
[Round "08"]
[TimeControl "180+1"]
[Date "2021.05.04"]
[WhiteClock "0:00:48"]
[BlackClock "0:00:01"]

1. b4 Nf6 2. Bb2 g6 3. b5 Bg7 4. c4 a6 5. a4 c6 6. e3 axb5 7. axb5 Rxa1 8. Bxa1 cxb5 9. cxb5 O-O 10. Nf3 d6 11. Be2 Bf5 12. O-O Nbd7 13. Nc3 Qa5 14. Bb2 Nb6 15. Nd4 Bd7 16. Qb3 Ra8 17. h3 e5 18. Nf3 Be6 19. Qc2 Qb4 20. Ra1 Rc8 21. Ba3 Qa5 22. Qb1 Ra8 23. Bb2 Qb4 24. Rxa8+ Nxa8 25. Qa1 Nc7 26. d4 Nd7 27. Qa3 Qxa3 28. Bxa3 Bf8 29. e4 Bb3 30. d5 Nc5 31. Bxc5 dxc5 32. Nxe5 Bg7 33. f4 g5 34. g3 gxf4 35. gxf4 Bh6 36. d6 Ne6 37. f5 Nd8 38. Bc4 Bc2 39. Nd5 Bg7 40. Ne7+ Kf8 41. Nd7+ Ke8 42. f6 Bh6 43. Ne5 Bxe4 44. d7+ Kf8 45. Nxf7 Be3+ 46. Kf1 Bd3+ 47. Ke1 Bxc4 48. Nxd8 1-0


[Site "https://www.chess.com"]

[Event "Titled Tuesday Blitz May 4 2021"]
[White "Todorovic, Bojan"]
[Black "Nozdrachev, Leonid"]
[WhiteFideId "917087"]
[BlackFideId "24113433"]
[WhiteElo "2266"]
[BlackElo "2246"]
[Result "0-1"]
[Round "08"]
[TimeControl "180+1"]
[Date "2021.05.04"]
[WhiteClock "0:00:01"]
[BlackClock "0:00:02"]

1. Nf3 Nf6 2. g3 g6 3. Bg2 Bg7 4. O-O O-O 5. c4 d6 6. b3 e5 7. Bb2 Nc6 8. d4 Re8 9. dxe5 Ng4 10. Nc3 Ncxe5 11. h3 Nxf3+ 12. exf3 Nh6 13. Qd2 Nf5 14. f4 c6 15. Rfe1 Be6 16. Ne4 c5 17. Bxg7 Kxg7 18. Qb2+ Nd4 19. Red1 Bf5 20. Rxd4 cxd4 21. Qxd4+ f6 22. Nxd6 Re7 23. c5 Rb8 24. Rd1 Qa5 25. g4 Bc2 26. Rd2 Qxa2 27. g5 Rf8 28. Kh2 Qxb3 29. Bxb7 Rxb7 30. Nxb7 Qxb7 31. Rxc2 Qc7 32. Qd6 Qxd6 33. cxd6 fxg5 34. fxg5 Rf5 35. Rd2 Rf8 36. Re2 Rd8 37. Re7+ Kg8 38. d7 Kf8 39. Rxh7 a5 40. h4 a4 41. h5 a3 42. hxg6 a2 43. Rh8+ Kg7 44. Rxd8 a1=Q 45. Rf8 Qe5+ 46. f4 Qe2+ 47. Kg3 Qd3+ 48. Kg4 Kxf8 49. f5 Kg7 50. f6+ Kxg6 0-1


[Site "https://www.chess.com"]

[Event "Titled Tuesday Blitz May 4 2021"]
[White "Tokman, Ariel"]
[Black "Diaz Perez, Michel Alejandro"]
[WhiteFideId "117420"]
[BlackFideId "3517179"]
[WhiteElo "2345"]
[BlackElo "2337"]
[Result "0-1"]
[Round "08"]
[TimeControl "180+1"]
[Date "2021.05.04"]
[WhiteClock "0:00:01"]
[BlackClock "0:00:04"]

1. g3 Nf6 2. Nf3 d5 3. Bg2 e6 4. O-O Be7 5. d4 O-O 6. c4 dxc4 7. Qc2 a6 8. a4 Bd7 9. Bg5 Bc6 10. Qxc4 Bd5 11. Qc2 Be4 12. Qb3 Nc6 13. Bxf6 Bxf6 14. e3 Bd5 15. Qd1 Nb4 16. Nc3 a5 17. Nxd5 exd5 18. Qb3 c6 19. Ne1 h5 20. Nd3 Be7 21. Nxb4 Bxb4 22. Qd3 g6 23. h4 Kg7 24. Rad1 Qd6 25. e4 dxe4 26. Bxe4 Rad8 27. d5 Qf6 28. b3 Rd6 29. Qf3 cxd5 30. Rxd5 b6 31. Qxf6+ Rxf6 32. Kg2 Bc5 33. Bf3 Re8 34. Rfd1 Ree6 35. R1d3 Re1 36. Rd1 Re7 37. R1d2 Bb4 38. Re2 Rc7 39. Rd3 Rc1 40. Bd5 Bc5 41. Rf3 Rxf3 42. Kxf3 Rc3+ 43. Kg2 Kf6 44. Rd2 Kg7 45. Bc4 f5 46. Rd7+ Kf6 47. Rd2 f4 48. gxf4 Kf5 49. Bd3+ Kxf4 50. Bxg6 Kg4 51. Bf7 Kxh4 52. Bc4 Kg4 53. Re2 h4 54. Re4+ Kg5 55. Re8 h3+ 56. Kf1 Rc2 57. Rg8+ Kf4 58. Rh8 Rxf2+ 59. Ke1 h2 0-1


[Site "https://www.chess.com"]

[Event "Titled Tuesday Blitz May 4 2021"]
[White "Tomb, Maroun"]
[Black "The_filthy"]
[WhiteFideId "5300398"]
[WhiteElo "2559"]
[BlackElo "2427"]
[Result "0-1"]
[Round "08"]
[TimeControl "180+1"]
[Date "2021.05.04"]
[WhiteClock "0:00:57"]
[BlackClock "0:00:16"]

1. e4 e6 2. d4 d5 3. Nd2 Nf6 4. e5 Nfd7 5. f4 c5 6. c3 Nc6 7. Ndf3 a5 8. a3 a4 9. Bd3 Nb6 10. Ne2 Be7 11. h4 cxd4 12. cxd4 Nc4 13. h5 h6 14. g4 b5 15. g5 N6a5 16. gxh6 gxh6 17. f5 exf5 18. Nf4 Be6 19. Qe2 Rg8 20. Kf1 Nb3 21. Rb1 Nxc1 22. Rxc1 Bg5 23. Nxg5 Qxg5 24. Qf2 Kd7 25. Ke2 Qg4+ 26. Qf3 Qxf3+ 27. Kxf3 Rg4 28. Ne2 Rag8 29. Rcg1 Kc6 30. Rxg4 fxg4+ 31. Kf4 Nxb2 32. Bf5 Nc4 33. Ra1 g3 34. Nxg3 Rxg3 35. Bxe6 Rxa3 36. Rxa3 Nxa3 37. Bxf7 Nc4 38. Bg6 a3 39. Bb1 b4 40. Ba2 Nd2 41. Kf5 b3 42. Bxb3 Nxb3 43. e6 Nxd4+ 0-1


[Site "https://www.chess.com"]

[Event "Titled Tuesday Blitz May 4 2021"]
[White "Torkkola, Henri"]
[Black "Zhou, Qiyu"]
[WhiteFideId "507660"]
[BlackFideId "505161"]
[WhiteElo "2137"]
[BlackElo "1925"]
[Result "0-1"]
[Round "08"]
[TimeControl "180+1"]
[Date "2021.05.04"]
[WhiteClock "0:00:03"]
[BlackClock "0:00:33"]

1. d4 Nf6 2. Bf4 g6 3. e3 Bg7 4. Nf3 d6 5. h3 O-O 6. Be2 b6 7. O-O Bb7 8. a4 a5 9. Nbd2 Nbd7 10. c3 Re8 11. Bh2 e5 12. dxe5 dxe5 13. Qc2 Qe7 14. Rfd1 Rad8 15. Bb5 c6 16. Bf1 Nd5 17. Nc4 f6 18. Nfd2 f5 19. e4 fxe4 20. Nxe4 Nc5 21. Ned6 Rxd6 22. Nxd6 Qxd6 23. b4 axb4 24. cxb4 Nxb4 25. Qc4+ Nd5 26. a5 Ba6 27. Qa2 Bxf1 28. Rxf1 bxa5 29. Qxa5 Ne6 30. Rac1 Nef4 31. Qa6 Re6 32. Rfe1 h6 33. Bxf4 Nxf4 34. Red1 Nd5 35. Qc8+ Kh7 36. g3 e4 37. Ra1 e3 38. Ra8 exf2+ 39. Kxf2 Qc5+ 40. Kf1 Rf6+ 41. Kg2 Qf2+ 42. Kh1 Qf3+ 43. Kh2 Qe2+ 44. Kh1 Qe4+ 45. Kh2 Rf2+ 46. Kg1 Qg2# 0-1


[Site "https://www.chess.com"]

[Event "Titled Tuesday Blitz May 4 2021"]
[White "Triapishko, Alexandr"]
[Black "Deac, Bogdan-Daniel"]
[WhiteFideId "14122286"]
[BlackFideId "1226380"]
[WhiteElo "2490"]
[BlackElo "2605"]
[Result "1/2-1/2"]
[Round "08"]
[TimeControl "180+1"]
[Date "2021.05.04"]
[WhiteClock "0:00:04"]
[BlackClock "0:00:05"]

1. d4 Nf6 2. c4 e6 3. Nf3 d5 4. Nc3 dxc4 5. e4 Bb4 6. Bxc4 Nxe4 7. O-O Nf6 8. Qa4+ Nc6 9. Ne5 Bd6 10. Nxc6 bxc6 11. Qxc6+ Bd7 12. Qf3 h6 13. Bf4 Bxf4 14. Qxf4 Bc6 15. Rfe1 O-O 16. Re3 Rb8 17. b3 Qd6 18. Qh4 Bd5 19. Rg3 Kh8 20. Bxd5 Nxd5 21. Nxd5 Qxd5 22. Rc1 Qd6 23. Qg4 g6 24. Rgc3 Rb4 25. Rc6 Qd5 26. R6c5 Qd8 27. Qf4 Rxd4 28. Qxh6+ Kg8 29. g3 Rd2 30. Kg2 Rxa2 31. Qf4 Qa8+ 32. Qf3 Qxf3+ 33. Kxf3 Rb8 34. R1c3 Ra3 35. Rxc7 Rbxb3 36. Rxb3 Rxb3+ 37. Kg4 a5 38. Ra7 Ra3 39. h4 a4 40. h5 gxh5+ 41. Kxh5 Kg7 42. Kg4 Ra1 43. f4 a3 44. Kg5 Ra2 45. Kg4 Ra1 46. Kg5 Ra2 47. g4 Ra1 48. Ra6 Ra2 49. Ra7 Rh2 50. f5 exf5 51. Kxf5 a2 52. Kg5 Rf2 53. Kh4 Kg6 54. Kg3 Rb2 55. Kf3 Kf6 56. Ra5 Ke6 57. Ke3 Kd6 58. Kd3 Rg2 59. g5 Kc6 60. Kc3 Kb6 61. Ra8 Kc5 62. Ra5+ Kb6 63. Ra8 Kc6 64. Kb3 Rxg5 65. Rxa2 Rb5+ 66. Kc4 Rd5 67. Ra6+ Kb7 68. Kxd5 Kxa6 69. Ke5 Kb5 70. Kf6 Kc4 71. Kxf7 1/2-1/2


[Site "https://www.chess.com"]

[Event "Titled Tuesday Blitz May 4 2021"]
[White "Trost, Edvin"]
[Black "Jakubowska, Anna"]
[WhiteFideId "1729519"]
[BlackFideId "1121952"]
[WhiteElo "2028"]
[BlackElo "2006"]
[Result "1-0"]
[Round "08"]
[TimeControl "180+1"]
[Date "2021.05.04"]
[WhiteClock "0:00:12"]
[BlackClock "0:00:12"]

1. d4 d5 2. c4 c6 3. cxd5 cxd5 4. Nc3 Nc6 5. f3 Nf6 6. e4 e6 7. e5 Nd7 8. f4 Be7 9. Nf3 O-O 10. Bd3 f5 11. exf6 Bxf6 12. Be3 b6 13. O-O Nb4 14. Be2 Ba6 15. a3 Bxe2 16. Qxe2 Nc6 17. Ne5 Bxe5 18. fxe5 Qe7 19. Qh5 g6 20. Qh3 Rxf1+ 21. Rxf1 Rf8 22. Rxf8+ Nxf8 23. Qg4 Na5 24. Bg5 Qf7 25. h4 Nc4 26. Qe2 Qf5 27. g4 Qf7 28. Nb5 Qd7 29. Nc3 Qf7 30. Kg2 Nd7 31. Nb5 a6 32. Nc3 Kg7 33. Kg3 h6 34. Bc1 b5 35. b3 Na5 36. Qe3 Nxb3 37. Qxh6+ Kg8 38. Be3 Nb6 39. Bg5 Nd7 40. Ne2 a5 41. Nf4 Nf8 42. Bf6 Nh7 43. Nxg6 Nxd4 44. Ne7+ 1-0


[Site "https://www.chess.com"]

[Event "Titled Tuesday Blitz May 4 2021"]
[White "ValeriyGrinev"]
[Black "Gabrielian, Artur"]
[BlackFideId "4131002"]
[WhiteElo "2625"]
[BlackElo "2539"]
[Result "0-1"]
[Round "08"]
[TimeControl "180+1"]
[Date "2021.05.04"]
[WhiteClock "0:00:05"]
[BlackClock "0:00:54"]

1. c4 e5 2. g3 f5 3. Bg2 d6 4. Nc3 Nf6 5. d3 g6 6. e4 Bg7 7. Nge2 O-O 8. O-O Nc6 9. h3 fxe4 10. dxe4 Be6 11. b3 Qd7 12. Kh2 Nh5 13. Bb2 Rf7 14. Qd2 Raf8 15. f3 Nd4 16. Nxd4 exd4 17. Ne2 c5 18. f4 Qe8 19. Nc1 g5 20. f5 Be5 21. Ne2 Bd7 22. Bf3 Rg7 23. Kg2 Bc6 24. Rae1 Nf6 25. Nc1 h5 26. g4 Bf4 27. Qc2 Re7 28. Nd3 Be3 29. Nf2 h4 30. Qd3 Bxf2 31. Rxf2 Bxe4 32. Bxe4 Rxe4 33. Rfe2 Rxe2+ 34. Rxe2 Qc6+ 35. Qf3 Re8 36. Rxe8+ Qxe8 37. Bc1 Ne4 38. f6 Kf7 39. Qf5 Qe5 40. Qd7+ Kxf6 41. Qd8+ Kf7 42. Qd7+ Kg6 43. Kf1 Ng3+ 44. Kf2 Qe2+ 45. Kg1 Qf1+ 0-1


[Site "https://www.chess.com"]

[Event "Titled Tuesday Blitz May 4 2021"]
[White "Vega Gutierrez, Sabrina"]
[Black "Peralta, Eduardo"]
[WhiteFideId "2219026"]
[BlackFideId "3700062"]
[WhiteElo "2281"]
[BlackElo "2205"]
[Result "0-1"]
[Round "08"]
[TimeControl "180+1"]
[Date "2021.05.04"]
[WhiteClock "0:00:04"]
[BlackClock "0:00:55"]

1. e4 c5 2. Nf3 Nc6 3. d4 cxd4 4. Nxd4 Nf6 5. Nc3 d6 6. Bg5 e6 7. Qd2 Be7 8. O-O-O O-O 9. Nxc6 bxc6 10. Qe3 Qa5 11. Bf4 e5 12. Bg5 Ng4 13. Qd2 Bxg5 14. Qxg5 Nxf2 15. Bc4 Nxh1 16. Rxd6 Qc5 17. Rd8 Be6 18. Bxe6 fxe6 19. Rd7 Rf1+ 20. Kd2 Qf2+ 21. Ne2 Qe1+ 22. Ke3 Qf2+ 23. Kd2 Qf6 24. Qe3 Nf2 25. Qc5 Rd1+ 0-1


[Site "https://www.chess.com"]

[Event "Titled Tuesday Blitz May 4 2021"]
[White "Velickovic, Zoran"]
[Black "Sumaneev, Dmitry"]
[WhiteFideId "14601184"]
[BlackFideId "4125312"]
[WhiteElo "2347"]
[BlackElo "2475"]
[Result "1-0"]
[Round "08"]
[TimeControl "180+1"]
[Date "2021.05.04"]
[WhiteClock "0:00:53"]
[BlackClock "0:00:12"]

1. Nf3 Nf6 2. g3 g6 3. c4 c6 4. Bg2 Bg7 5. b3 Ne4 6. d4 d5 7. O-O O-O 8. Bb2 Nd7 9. e3 b6 10. Nbd2 Nxd2 11. Qxd2 Ba6 12. Rfc1 e6 13. a4 Rc8 14. a5 b5 15. c5 Qc7 16. b4 e5 17. dxe5 Nxe5 18. Nxe5 Bxe5 19. e4 Bxb2 20. Qxb2 dxe4 21. Bxe4 Rfe8 22. Bg2 Rcd8 23. Re1 Rxe1+ 24. Rxe1 Bc8 25. h4 Be6 26. Qf6 Qd7 27. h5 gxh5 28. Re5 h6 29. Qxh6 Bf5 30. Qxc6 Qd1+ 31. Kh2 Bg6 32. Qf6 Qd4 33. Re8+ 1-0


[Site "https://www.chess.com"]

[Event "Titled Tuesday Blitz May 4 2021"]
[White "Visakh N R"]
[Black "Korchmar, Vasiliy"]
[WhiteFideId "25012223"]
[BlackFideId "24131750"]
[WhiteElo "2428"]
[BlackElo "2370"]
[Result "0-1"]
[Round "08"]
[TimeControl "180+1"]
[Date "2021.05.04"]
[WhiteClock "0:00:05"]
[BlackClock "0:00:03"]

1. Nf3 d5 2. e3 Nf6 3. c4 c6 4. b3 Bf5 5. Bb2 e6 6. Be2 h6 7. O-O Be7 8. d4 O-O 9. Nc3 Nbd7 10. h3 a5 11. Bd3 Ne4 12. Bxe4 dxe4 13. Nd2 Nf6 14. Qc2 b5 15. Ncxe4 Nxe4 16. Nxe4 a4 17. f3 a3 18. Bc3 b4 19. Be1 c5 20. Bf2 Qc7 21. Qe2 Rad8 22. Rad1 Bxe4 23. fxe4 f5 24. exf5 exf5 25. Qf3 Kh8 26. Bg3 Bd6 27. Bxd6 Qxd6 28. Qf4 Qe7 29. dxc5 Qxc5 30. Rd4 Qe7 31. Rfd1 Rde8 32. R1d3 Qf7 33. Kh2 Qh5 34. Rd7 Qe2 35. Qg3 Rg8 36. Rd2 Qh5 37. Rb7 Re6 38. Rdd7 Rg6 39. Qf3 Qh4 40. Qxf5 Qg3+ 0-1


[Site "https://www.chess.com"]

[Event "Titled Tuesday Blitz May 4 2021"]
[White "Vlassov, Nikolai"]
[Black "Seul, Georg"]
[WhiteFideId "4103360"]
[BlackFideId "4601653"]
[WhiteElo "2407"]
[BlackElo "2332"]
[Result "1/2-1/2"]
[Round "08"]
[TimeControl "180+1"]
[Date "2021.05.04"]
[WhiteClock "0:00:13"]
[BlackClock "0:00:07"]

1. e4 e5 2. Bc4 Nf6 3. d3 Nc6 4. Nf3 Bc5 5. Bg5 h6 6. Bh4 d6 7. Nc3 Nd4 8. Nd5 g5 9. Nxg5 Nxd5 10. Qh5 hxg5 11. Qxh8+ Kd7 12. Qxd8+ Kxd8 13. Bxg5+ f6 14. Bxd5 fxg5 15. Kd2 c6 16. Bb3 Ke7 17. h4 g4 18. Raf1 Nxb3+ 19. axb3 Be6 20. f4 gxf3 21. gxf3 Rg8 22. Rh2 Rg6 23. f4 exf4 24. Rxf4 Bd4 25. h5 Rh6 26. Rf1 Be5 27. Rh4 Bf6 28. Rh2 Bf7 29. Rf5 a5 30. Kc1 b5 31. c4 Be6 32. Rf1 b4 33. Kc2 c5 34. Ra1 Bf7 35. Rxa5 Rxh5 36. Ra7+ Ke6 37. Rf2 Bg6 38. Rg2 Rg5 39. Rh2 Be5 40. Rf2 Bh5 41. Rh7 Bg6 42. Rh6 Rg1 43. Rh3 Bd4 44. Rfh2 Ke5 45. Rf3 Be8 46. Rf5+ Ke6 47. Rh6+ Ke7 48. Rh7+ Ke6 49. Rh6+ Ke7 50. Rh7+ Ke6 51. Rh6+ 1/2-1/2


[Site "https://www.chess.com"]

[Event "Titled Tuesday Blitz May 4 2021"]
[White "Voege, Tobias"]
[Black "Gaboyan, Susanna"]
[WhiteFideId "1270513"]
[BlackFideId "13303627"]
[WhiteElo "2283"]
[BlackElo "2135"]
[Result "1-0"]
[Round "08"]
[TimeControl "180+1"]
[Date "2021.05.04"]
[WhiteClock "0:01:06"]
[BlackClock "0:00:26"]

1. d4 Nf6 2. c4 g6 3. Nc3 d5 4. cxd5 Nxd5 5. e4 Nxc3 6. bxc3 Bg7 7. Bc4 c5 8. Ne2 O-O 9. O-O Nc6 10. Be3 Qc7 11. Rc1 b6 12. f4 Bg4 13. f5 Rad8 14. fxg6 hxg6 15. Qe1 Bxe2 16. Qxe2 cxd4 17. cxd4 Bxd4 18. Bxd4 Rxd4 19. Bd5 Qe5 20. Bxc6 Rfd8 21. Qf3 Qg7 22. Bd5 e6 23. Bb3 Rd3 24. Qf4 Qd4+ 25. Kh1 Rd7 26. Rc8+ Kg7 27. Qh4 Rd8 28. Rc7 Rd7 29. Rxd7 Qxd7 30. Qf6+ Kg8 31. Ba4 Qc7 32. Be8 1-0


[Site "https://www.chess.com"]

[Event "Titled Tuesday Blitz May 4 2021"]
[White "Volkov, Maksim"]
[Black "Rios Parra, Alejandro"]
[WhiteFideId "54123070"]
[BlackFideId "4400348"]
[WhiteElo "2113"]
[BlackElo "2188"]
[Result "1-0"]
[Round "08"]
[TimeControl "180+1"]
[Date "2021.05.04"]
[WhiteClock "0:00:25"]
[BlackClock "0:00:02"]

1. d4 Nf6 2. c4 e6 3. g3 c5 4. Nf3 cxd4 5. Nxd4 a6 6. Bg2 Be7 7. O-O O-O 8. Nc3 d6 9. e4 Qc7 10. Qe2 Nc6 11. Be3 Bd7 12. Rac1 Nxd4 13. Bxd4 Rac8 14. b3 Qb8 15. e5 Ne8 16. Rfd1 Bc6 17. exd6 Bxd6 18. Ne4 Bxe4 19. Qxe4 b6 20. Bb2 Bc5 21. Qg4 Rd8 22. Bc6 f5 23. Qg5 Nf6 24. Kg2 Qc7 25. Bf3 Kh8 26. Rxd8 Qxd8 27. Rd1 Qc8 28. h4 Be7 29. Qe3 Bc5 30. Qe5 a5 31. h5 h6 32. Qf4 Rf7 33. a3 Nh7 34. Qxh6 Kg8 35. Qf4 Be7 36. b4 Bg5 37. Qd4 Bf6 38. Qxb6 Rb7 39. Bxb7 1-0


[Site "https://www.chess.com"]

[Event "Titled Tuesday Blitz May 4 2021"]
[White "Von Buelow, Georg"]
[Black "Isajevsky, Anton"]
[WhiteFideId "4620658"]
[BlackFideId "4142500"]
[WhiteElo "2220"]
[BlackElo "2510"]
[Result "0-1"]
[Round "08"]
[TimeControl "180+1"]
[Date "2021.05.04"]
[WhiteClock "0:00:30"]
[BlackClock "0:01:21"]

1. e4 c5 2. Nf3 d6 3. d4 cxd4 4. Nxd4 Nf6 5. Nc3 a6 6. f4 e5 7. Nf3 Qc7 8. a4 Be7 9. Bd3 O-O 10. O-O Nbd7 11. Kh1 Re8 12. Qe1 b6 13. Nh4 g6 14. f5 Bb7 15. fxg6 hxg6 16. Qg3 Nh5 17. Qf3 Rf8 18. Nf5 Ndf6 19. Nxe7+ Qxe7 20. Bg5 Kg7 21. Bc4 Rac8 22. Bd5 Rxc3 23. bxc3 Bxd5 24. exd5 Rc8 25. Qe3 Ng4 26. Bxe7 Nxe3 27. Rf3 Nxd5 28. Bh4 Nxc3 0-1


[Site "https://www.chess.com"]

[Event "Titled Tuesday Blitz May 4 2021"]
[White "Vukovic, Zdravko"]
[Black "Mezentsev, Ivan"]
[WhiteFideId "900877"]
[BlackFideId "13706195"]
[WhiteElo "2493"]
[BlackElo "2295"]
[Result "1-0"]
[Round "08"]
[TimeControl "180+1"]
[Date "2021.05.04"]
[WhiteClock "0:00:28"]
[BlackClock "0:00:05"]

1. e4 d5 2. exd5 Nf6 3. Nc3 Nxd5 4. Nxd5 Qxd5 5. Qf3 Be6 6. Bd3 Nc6 7. Be4 Qd7 8. c3 O-O-O 9. d4 f5 10. Bxc6 bxc6 11. Qe2 c5 12. Nf3 Bd5 13. O-O cxd4 14. cxd4 Qa4 15. b3 Qa5 16. Bf4 e6 17. Ne5 Bd6 18. Rac1 g5 19. Nc4 Bxc4 20. bxc4 Bxf4 21. Qxe6+ Rd7 22. Rb1 g4 23. c5 c6 24. Qxc6+ Kd8 25. Qa8+ Ke7 26. Qxh8 1-0


[Site "https://www.chess.com"]

[Event "Titled Tuesday Blitz May 4 2021"]
[White "Wagh Suyog"]
[Black "Vasquez Schroeder, Rodrigo"]
[WhiteFideId "25071688"]
[BlackFideId "3400042"]
[WhiteElo "2219"]
[BlackElo "2572"]
[Result "0-1"]
[Round "08"]
[TimeControl "180+1"]
[Date "2021.05.04"]
[WhiteClock "0:00:03"]
[BlackClock "0:00:08"]

1. e4 c5 2. Nf3 d6 3. g3 Nc6 4. Bg2 e5 5. O-O g6 6. c3 Bg7 7. Na3 Nf6 8. Re1 O-O 9. h3 Re8 10. Nc2 h6 11. d4 exd4 12. cxd4 Nxe4 13. dxc5 dxc5 14. Qxd8 Nxd8 15. Nd2 Nf6 16. Rxe8+ Nxe8 17. Ne4 Ne6 18. Be3 Bf8 19. Rd1 Rb8 20. f4 b6 21. g4 Bb7 22. f5 gxf5 23. gxf5 N6g7 24. Ng3 Bxg2 25. Kxg2 h5 26. h4 Nf6 27. Bg5 Nge8 28. Kf3 Rc8 29. Ne3 Bg7 30. b3 b5 31. Rc1 Kf8 32. Ng2 Nd6 33. Nf4 Ng4 34. Nfxh5 Ne5+ 35. Ke2 Bh8 36. Rd1 Ne8 37. f6 Nc6 38. Nf5 Nc7 39. Bh6+ Kg8 40. Bg7 Ne6 41. Nh6+ Kh7 42. Nxf7 Bxg7 43. fxg7 Kg6 44. Nh8+ Kxh5 45. Rg1 Ncd4+ 46. Kd3 Rg8 47. Nf7 Nf5 48. Ke4 Rxg7 49. Rxg7 Nfxg7 50. Nd6 a6 51. Kd5 Kxh4 52. Ne4 Kg4 53. Nxc5 Nxc5 54. Kxc5 Ne6+ 55. Kb6 Nd4 56. Kxa6 b4 57. Ka5 Nc2 58. Kb5 Kf4 59. Kc4 Ke3 60. a4 bxa3 61. Kc3 a2 62. Kxc2 a1=Q 63. b4 Kd4 0-1


[Site "https://www.chess.com"]

[Event "Titled Tuesday Blitz May 4 2021"]
[White "Weetik, Vjacheslav"]
[Black "Sirosh, Ilja"]
[WhiteFideId "4153472"]
[BlackFideId "4500458"]
[WhiteElo "2469"]
[BlackElo "2241"]
[Result "1/2-1/2"]
[Round "08"]
[TimeControl "180+1"]
[Date "2021.05.04"]
[WhiteClock "0:00:26"]
[BlackClock "0:00:05"]

1. d4 d5 2. Bf4 Nf6 3. e3 e6 4. Nf3 c5 5. c3 Bd6 6. Bg3 O-O 7. Nbd2 Qc7 8. dxc5 Qxc5 9. c4 Bxg3 10. hxg3 Nc6 11. a3 a5 12. Qc2 e5 13. Nb3 Qe7 14. cxd5 e4 15. dxc6 exf3 16. gxf3 bxc6 17. Bd3 g6 18. Kf1 a4 19. Nc5 Ra5 20. Nxa4 Rd8 21. Nc3 Rxd3 22. b4 Ba6 23. Kg2 Rh5 24. Rxh5 Nxh5 25. b5 Rxc3 26. Qxc3 cxb5 27. Rd1 Bb7 28. e4 Ng7 29. Qb4 Qxb4 30. axb4 Ne6 31. Rd6 Bc8 32. f4 Kf8 33. f3 Ke7 34. e5 h5 35. Kf2 Bd7 36. Ke3 Be8 37. Rb6 Bd7 38. g4 hxg4 39. fxg4 g5 40. f5 Nf4 41. Kd4 Ne2+ 42. Kc5 Nc3 43. Rh6 Ne4+ 44. Kb6 Nf2 45. Rh5 Nxg4 46. Rxg5 Nxe5 47. Rh5 Nf3 48. Kc5 Ne5 49. Rg5 Nd3+ 50. Kd4 Nxb4 51. Kc5 Nd3+ 52. Kd4 Nf4 53. Ke5 Nd3+ 54. Kd4 Nb2 55. Rh5 Nc4 56. Rh6 Na5 57. Kc5 b4 58. Kxb4 Nc6+ 59. Kc5 f6 60. Rh7+ Ke8 61. Kd6 Nd8 62. Rh8+ Kf7 63. Rxd8 Bxf5 64. Rb8 Kg6 65. Ke7 Bg4 66. Rg8+ Kf5 67. Rf8 Kg5 68. Rxf6 Kh5 69. Kd6 Kg5 70. Ke5 Bd1 71. Rf1 Bc2 72. Rg1+ Kh6 73. Kf6 Kh7 74. Rg2 Bd3 75. Rg3 Bc2 76. Rc3 Bb1 77. Rh3+ Kg8 78. Rb3 Bc2 79. Rb7 Kh8 80. Rc7 Bb3 81. Rg7 Ba2 82. Rb7 Bc4 83. Kg6 Bd3+ 84. Kf6 Bc4 85. Re7 Bb3 86. Re4 Ba2 87. Rh4+ Kg8 88. Rb4 Kh8 89. Rb2 Bc4 90. Rg2 Bb3 91. Rg5 Bc4 92. Kg6 Bd3+ 93. Kh6 Bc4 94. Rc5 Bb3 95. Rc7 Bg8 96. Kg6 Ba2 97. Kf6 Bb3 98. Rc3 Ba2 99. Re3 Bc4 100. Rh3+ Kg8 101. Rh4 Bb3 102. Rd4 Ba2 103. Kg6 Kf8 104. Kf6 Kg8 105. Rh4 Bb3 106. Kg6 Bc2+ 107. Kh6 Bb3 108. Rg4+ Kf8 109. Rg6 Bc2 110. Rb6 Bd3 111. Kg5 Bc2 112. Kf6 Kg8 113. Rb2 Bd3 114. Rg2+ Kh8 115. Rg4 Bc4 116. Rg5 Bb3 117. Kg6 Bc2+ 118. Kf6 1/2-1/2


[Site "https://www.chess.com"]

[Event "Titled Tuesday Blitz May 4 2021"]
[White "WelshTiger"]
[Black "Rakshitta, Ravi"]
[BlackFideId "25073230"]
[WhiteElo "2472"]
[BlackElo "1873"]
[Result "1-0"]
[Round "08"]
[TimeControl "180+1"]
[Date "2021.05.04"]
[WhiteClock "0:00:22"]
[BlackClock "0:00:02"]

1. d4 Nf6 2. Nf3 g6 3. g3 Bg7 4. Bg2 O-O 5. O-O d6 6. c3 c6 7. Re1 Nbd7 8. Bg5 h6 9. Bf4 Qc7 10. Na3 e5 11. Bc1 e4 12. Nd2 d5 13. Nf1 Re8 14. c4 Nf8 15. cxd5 cxd5 16. Bf4 Qd8 17. Rc1 Ne6 18. Be5 Bd7 19. Ne3 Rc8 20. Qb3 Bc6 21. Nb5 Rf8 22. Nxa7 Ra8 23. Nxc6 bxc6 24. Rxc6 Qa5 25. Rb1 Nd7 26. Bxg7 Kxg7 27. Qxd5 Nf6 28. Qxa5 Rxa5 29. Nc2 Rxa2 30. d5 Nd8 31. Rc5 Nb7 32. Rc7 Nd6 33. Nd4 Rb8 34. b4 Rd2 35. Nc6 Ra8 36. Rd7 Rxd5 37. Ne7 Rd2 38. Rc7 Rxe2 39. Bf1 Rd2 40. b5 Raa2 41. b6 Rxf2 42. b7 Nxb7 43. Rbxb7 e3 44. Nf5+ Rxf5 45. Rxf7+ Kg8 46. Bc4 Ra1+ 47. Kg2 Rf2+ 48. Kh3 e2 49. Rb8+ Ne8 50. Rxe8# 1-0


[Site "https://www.chess.com"]

[Event "Titled Tuesday Blitz May 4 2021"]
[White "Williams, Simon K"]
[Black "TigrVShlyape"]
[WhiteFideId "404454"]
[WhiteElo "2468"]
[BlackElo "2825"]
[Result "0-1"]
[Round "08"]
[TimeControl "180+1"]
[Date "2021.05.04"]
[WhiteClock "0:00:09"]
[BlackClock "0:00:30"]

1. e4 e5 2. f4 exf4 3. Bc4 Nf6 4. Nc3 d5 5. Nxd5 Nxd5 6. Bxd5 c6 7. Bc4 Qh4+ 8. Kf1 Bg4 9. Nf3 Qh5 10. d4 g5 11. h4 Bg7 12. c3 Nd7 13. Kf2 gxh4 14. Bxf4 Bf6 15. e5 Be7 16. Qd2 Nb6 17. Bb3 Rg8 18. Rae1 h3 19. Rh2 O-O-O 20. Reh1 Bxf3 21. gxf3 Bh4+ 22. Ke3 Bg3 23. Bxg3 Rxg3 24. Qf2 Rdg8 25. a4 a5 26. Ke2 Qf5 27. Ba2 Rg2 28. Rxg2 Rxg2 0-1


[Site "https://www.chess.com"]

[Event "Titled Tuesday Blitz May 4 2021"]
[White "Winslow, Elliott"]
[Black "DieHardCuban"]
[WhiteFideId "2002523"]
[WhiteElo "2238"]
[BlackElo "2395"]
[Result "0-1"]
[Round "08"]
[TimeControl "180+1"]
[Date "2021.05.04"]
[WhiteClock "0:00:09"]
[BlackClock "0:00:39"]

1. e4 c6 2. d4 d5 3. exd5 cxd5 4. c4 Nf6 5. Nc3 Nc6 6. Bg5 Be6 7. c5 Ne4 8. Nxe4 dxe4 9. Be3 g6 10. h3 Bg7 11. Ne2 O-O 12. Qa4 Qd7 13. Rd1 Rfd8 14. b4 b5 15. Qxb5 Rab8 16. Qa4 Nxb4 17. Nf4 Qxa4 0-1


[Site "https://www.chess.com"]

[Event "Titled Tuesday Blitz May 4 2021"]
[White "Wisniowski, Natalie"]
[Black "Alahakoon, Isuru"]
[WhiteFideId "30929261"]
[BlackFideId "9900993"]
[WhiteElo "1702"]
[BlackElo "2062"]
[Result "0-1"]
[Round "08"]
[TimeControl "180+1"]
[Date "2021.05.04"]
[WhiteClock "0:01:38"]
[BlackClock "0:01:35"]

1. d4 d5 2. c4 Nc6 3. cxd5 Qxd5 4. Nf3 Bg4 5. Nc3 Qh5 6. Bf4 O-O-O 7. e3 e5 8. Bg3 exd4 9. exd4 Nxd4 10. Qa4 Bxf3 11. Rd1 Bxd1 12. Nxd1 Nf6 13. Qxa7 Nc2# 0-1


[Site "https://www.chess.com"]